Map: Interloper LE

Players

IIIIIIIIIIII - Winner!

  • Race: Zerg Zerg
  • League: Grandmaster
  • Spawn Location: 11:00

KoolAid

  • Race: Terran Terran
  • League: Master
  • Spawn Location: 5:00

VOD

Have the link to the VOD?

Description

Time

  • Played on: Oct. 16, 2017, 7:16 p.m.
  • Length: 8:44
Show
View Real Time Build Order
Export as new Build Order

IIIIIIIIIIII Zerg - Winner!

Build Orders: Hatch First 

Get SALT Encoding   

  12  0:06  Drone  
  13  0:14  Overlord  
  13  0:17  Drone  
  14  0:33  Drone  
  14  0:34  Drone  
  16  0:38  Drone  
  17  0:59  Hatchery  
  17  1:00  Drone  
  17  1:03  Extractor, Drone  
  17  1:17  Spawning Pool  
  16  1:20  Drone  
  16  1:25  Drone  
  18  1:35  Drone  
  19  1:49  Overlord  
  19  2:03  Drone  
  19  2:05  Queen  
  19  2:07  Metabolic Boost  
  22  2:10  Queen  
  22  2:11  Zergling x2  
  22  2:15  Zergling x2  
  26  2:18  Drone  
  27  2:25  Drone  
  27  2:27  Drone  
  29  2:34  Drone  
  29  2:36  Drone  
  31  2:56  Drone x3  
  34  3:00  Hatchery  
  34  3:01  Drone  
  34  3:05  Overlord  
  34  3:09  Overlord  
  34  3:13  Overlord  
  34  3:16  Drone  
  35  3:20  Drone  
  35  3:24  Queen  
  38  3:32  Drone x2  
  38  3:33  Drone x2  
  42  3:35  Drone  
  42  3:37  Drone  
  44  3:44  Roach Warren  
  43  3:51  Zergling x8  
  43  3:53  Zergling x2  
  43  3:54  Zergling x2  
  49  4:00  Zergling x6  
  52  4:03  Overlord  
  52  4:13  Overlord  
  52  4:27  Roach x2  
  52  4:28  Roach x5  
  66  4:34  Roach x4  
  66  4:35  Roach  
  76  4:46  Overlord  
  76  4:47  Overlord x3  
  76  5:05  Overlord x3  
  76  5:06  Drone x3  
  79  5:07  Drone x2  
  79  5:09  Drone x2  
  79  5:11  Drone  
  79  5:13  Extractor  
  83  5:15  Extractor, Drone  
  83  5:16  Drone  
  70  5:53  Zergling x2  
  70  5:54  Zergling x10  
  54  6:18  Spore Crawler  
  43  6:20  Drone x2  
  43  6:21  Drone x14  
  43  6:24  Lair  
  59  6:30  Spore Crawler  
  59  6:31  Drone x2  
  59  6:32  Drone x2  
  62  6:35  Spore Crawler  
  52  6:54  Spore Crawler  
  52  6:57  Spore Crawler  
  52  6:58  Spore Crawler  
  52  6:59  Spore Crawler  
  48  7:02  Drone  
  48  7:03  Zergling x22  
  53  7:19  Spore Crawler  
  53  7:21  Spore Crawler  
  53  7:22  Drone x2  
  42  7:23  Drone x4  
  46  7:38  Spore Crawler  
  45  7:45  Spore Crawler  
  45  7:47  Spire  
  43  7:55  Spore Crawler  
  39  8:10  Drone x3  
  38  8:14  Spore Crawler  
  38  8:17  Zergling x2, Spore Crawler  
Show
View Real Time Build Order
Export as new Build Order

KoolAid Terran 

Build Orders:  

Get SALT Encoding   

  12  0:00  SCV  
  13  0:12  SCV  
  14  0:17  Supply Depot  
  14  0:24  SCV  
  15  0:29  Refinery  
  15  0:39  SCV  
  16  0:46  Barracks  
  16  0:52  SCV  
  17  1:04  SCV  
  18  1:16  SCV  
  20  1:34  Reaper  
  20  1:35  Orbital Command  
  20  1:50  Command Center  
  21  2:01  SCV  
  21  2:04  Factory  
  21  2:08  Barracks Reactor  
  21  2:12  Refinery  
  21  2:16  SCV  
  21  2:22  Supply Depot  
  22  2:28  SCV  
  23  2:44  SCV  
  24  2:56  SCV  
  24  2:59  Starport  
  24  3:02  Hellion x2  
  24  3:05  Orbital Command  
  28  3:08  Barracks Tech Lab  
  28  3:10  SCV  
  29  3:17  Starport  
  29  3:22  SCV  
  30  3:31  SCV  
  31  3:35  SCV  
  31  3:37  Viking  
  34  3:44  SCV  
  34  3:47  SCV  
  36  3:48  Refinery  
  36  3:50  Hellion x2  
  40  3:56  Supply Depot  
  40  3:57  SCV  
  40  3:59  SCV  
  42  4:09  SCV  
  43  4:11  Starport Tech Lab  
  43  4:12  SCV  
  44  4:18  Hyperflight Rotors  
  44  4:21  SCV, Banshee  
  44  4:24  SCV  
  49  4:26  Supply Depot  
  49  4:33  SCV  
  49  4:36  SCV  
  51  4:41  Cloaking Field  
  51  4:42  Banshee  
  54  4:48  SCV x2  
  54  4:50  Supply Depot  
  56  5:00  SCV x2  
  56  5:04  Banshee  
  61  5:12  SCV x2  
  61  5:13  Command Center  
  63  5:18  Refinery  
  63  5:24  Banshee  
  52  5:46  Banshee  
  33  6:07  Banshee  
  25  6:13  SCV  
  25  6:14  SCV  
  23  6:26  SCV x2  
  23  6:29  Banshee  
  28  6:38  SCV x2  
  28  6:50  SCV x2, Banshee  
  33  7:02  SCV x2  
  31  7:14  SCV  
  23  7:29  SCV  
  22  7:58  Orbital Command  
Tags
 
Add a new tag
Caveats
  • Supply blocks, unpowered buildings, or Contaminate may cause inaccurate times.
  • Supply counts are checked every 10 seconds.